 Dungeon Crawl Stone Soup version 0.24.0-123-gd5b16e6ec5 (webtiles) character file.

Game seed: 3170110131418649261, levelgen mode: deterministic

261 Johnny the Poker (level 5, -1/42 HPs)
             Began as a Demigod Gladiator on Jan 25, 2020.
             Slain by Edmund
             ... wielding a +1 flail of draining
              (12 damage)
             ... on level 4 of the Dungeon.
             The game lasted 00:02:32 (2655 turns).

Johnny the Poker (Demigod Gladiator)                Turns: 2655, Time: 00:02:32

Health: -1/42      AC:  4    Str: 19    XL:     5   Next: 64%
Magic:  7/7        EV: 12    Int: 12    God:
Gold:   123        SH:  0    Dex: 17    Spells: 4/4 levels left

rFire    . . .     SeeInvis .   m - +0 halberd (pain)
rCold    . . .     Gourm    .   (shield currently unavailable)
rNeg     . . .     Faith    .   b - +0 leather armour
rPois    .         Spirit   .   c - +0 helmet
rElec    .         Reflect  .   (no cloak)
rCorr    .         Harm     +   (no gloves)
MR       .....                  (no boots)
Stlth    +.........             i - amulet of harm
HPRegen  0.14/turn              (no ring)
MPRegen  0.10/turn              (no ring)

@: drained
A: high mp 1
a: no special abilities


You were on level 4 of the Dungeon.
You were not hungry.

You visited 1 branch of the dungeon, and saw 4 of its levels.

You collected 123 gold pieces.

Inventory:

Hand Weapons
 a - a +0 trident
 m - a +0 halberd of pain (weapon)
Missiles
 d - 3 throwing nets (quivered)
Armour
 b - a +0 leather armour (worn)
 c - a +0 helmet (worn)
Jewellery
 i - an amulet of harm (around neck)
 o - an uncursed amulet of the gourmand
Scrolls
 e - 2 scrolls of blinking {unknown}
 h - 2 scrolls of identify {unknown}
 k - a scroll of teleportation {unknown}
 n - a scroll of fog {unknown}
 p - a scroll of random uselessness {unknown}
 q - a scroll of remove curse {unknown}
 r - a scroll of immolation {unknown}
 t - a scroll of enchant weapon {unknown}
Potions
 g - a potion of resistance {unknown}
 j - 2 potions of flight {unknown}
 l - a potion of lignification {unknown}
Comestibles
 f - 6 rations
 s - 2 chunks of flesh


   Skills:
 - Level 2.4(1.5) Fighting
 * Level 5.9(4.9) Polearms
 - Level 1.7(0.9) Throwing
 - Level 2.6(1.8) Dodging


You had 4 spell levels left.
You didn't know any spells.
Your spell library was empty.

Dungeon Overview and Level Annotations

Branches:
Dungeon (4/15)
 Temple: D:4-7

Annotations:
D:3 Grinder
D:4 Edmund


Innate Abilities, Weirdness & Mutations

You have an increased reservoir of magic. (+10% MP)


Message History

Press: ? - help, Dir - move target cursor, f - Edmund
Aim: Edmund, wielding a +1 flail of draining and wearing a +0 ring mail You reach to attack!
You barely miss Edmund. You hit Edmund but do no damage.
Edmund hits you with a +1 flail of draining.
You feel drained.
You completely miss Edmund. Edmund barely misses you.
You puncture Edmund!
Edmund is moderately wounded.
Edmund hits you with a +1 flail of draining!
You feel drained.
You hit Edmund.
Edmund is moderately wounded.
Edmund hits you with a +1 flail of draining.
* * * LOW HITPOINT WARNING * * *
You feel drained.
You hit Edmund.
Edmund is heavily wounded.
Edmund hits you with a +1 flail of draining!
You die...

#.##.<....#.####
#.##......#.#
#.##†####.# #
#.##.# #.#
#.##.# #.#
#.##.# #.#
#.##.# #.#
#.##.# #@# ...
#@# ### #.# ...
##.## #.# #.#
#.# #.#


You could see Edmund.

Vanquished Creatures
  A scorpion (D:4)
  Natasha (thrice) (D:2)
  4 gnolls (D:2)
  4 adders
  An ooze (D:1)
  2 worms (D:2)
  2 leopard geckos (D:4)
  A ball python (D:2)
  2 giant cockroaches
  6 goblins
  6 hobgoblins
  6 jackals
  6 bats
  5 frilled lizards
  A jackal skeleton (D:4)
  2 kobolds
  6 rats
  A plant (D:2)
59 creatures vanquished.

Notes
Turn   | Place    | Note
-------+----------+-------------------------------------------
     0 | D:1      | Johnny the Demigod Gladiator began the quest for the Orb.
     0 | D:1      | Reached XP level 1. HP: 17/17 MP: 3/3
   173 | D:1      | Reached skill level 3 in Polearms
   179 | D:1      | Reached XP level 2. HP: 15/24 MP: 4/4
   849 | D:2      | Reached XP level 3. HP: 30/30 MP: 5/5
  1718 | D:2      | Reached skill level 4 in Polearms
  1740 | D:2      | Noticed Natasha
  1845 | D:2      | Killed Natasha
  1845 | D:2      | Reached XP level 4. HP: 30/37 MP: 6/6
  1954 | D:2      | Noticed Natasha
  1959 | D:2      | Killed Natasha
  1974 | D:2      | Noticed Natasha
  1996 | D:2      | Killed Natasha
  1996 | D:2      | Reached skill level 5 in Polearms
  1996 | D:2      | Reached XP level 5. HP: 32/42 MP: 7/7
  2535 | D:3      | Noticed Grinder
  2616 | D:4      | Noticed Edmund
  2655 | D:4      | Slain by Edmund

Levels and vault maps discovered:
D:1:      psy_arrival_whirlpool, layout_loops_ring, serial_forest,
          infiniplex_forest_lined_3, infiniplex_forest_clump_cross,
          infiniplex_forest_end_3, infiniplex_forest_clump_medium,
          infiniplex_forest_corner_1, infiniplex_forest_join,
          infiniplex_forest_lined_4_way, infiniplex_forest_clump_large
D:2:      layout_loops_ring, kennysheep_boxes, uniq_crazy_yiuf_cottage,
          uniq_natasha
D:3:      layout_basic, grunt_temple_overflow_open, hangedman_decor_opposing,
          uniq_grinder
D:4:      layout_loops_ring, enter_ossuary_3, first_ration, uniq_edmund,
          uniq_blork_the_orc

Skill      XL: |  1  2  3  4 |
---------------+-------------+-----
Fighting       | 2 |  2.4
Polearms       | 3 4 5 |  5.9
Throwing       | |  1.7
Dodging        | |  2.6

Action                   |  1- 3 |  4- 6 || total
-------------------------+-------+-------++-------
Melee: Trident           |    39 |       ||    39
       Halberd           |    24 |   107 ||   131
 Stab: Sleeping          |     3 |       ||     3
  Eat: Chunk             |     2 |     4 ||     6
Armor: Leather armour    |     8 |     8 ||    16
Dodge: Dodged            |    33 |    61 ||    94
